 Dungeon Crawl Stone Soup version 0.28-a0-1241-gf280a0fbb2 (webtiles) character file.

Game seed: 4444822971000005886

7998 ChaosChampion the Martial Artist (level 11, 0/81 HPs)
             Began as an Octopode Transmuter on Dec 26, 2021.
             Was a Priest of Cheibriados.
             Slain by a boulder beetle (23 damage)
             ... on level 11 of the Dungeon.
             The game lasted 00:23:30 (15601 turns).

ChaosChampion the Martial Artist (OpTm)            Turns: 15601, Time: 00:23:31

Health: 0/81       AC:  2    Str: 18    XL:     11   Next: 24%
Magic:  11/19      EV: 26    Int: 28    God:    Cheibriados [***...]
Gold:   406        SH:  0    Dex: 25    Spells: 11/21 levels left

rFire   . . .      SeeInvis +     - Unarmed
rCold   . . .      Faith    .   (shield currently unavailable)
rNeg    . . .      Spirit   .   (helmet currently unavailable)
rPois   x          Reflect  .   (no amulet)
rElec   .          Harm     .   n - ring of see invisible
rCorr   .          Rampage  .   (no ring)
Will    .....                   (no ring)
Stlth   ++++......              (no ring)
HPRegen 0.23/turn               (no ring)
MPRegen 0.16/turn               (no ring)
                                (no ring)
                                (no ring)

@: spider-form, wereblooded (expiring), invisible, very slow
A: venomous fangs, almost no armour, (amphibious), 8 rings, tiny, (camouflage
1), (gelatinous body 1), (nimble swimmer 1), (tentacles), robust 1, MP-powered
wands
a: End Transformation, Renounce Religion, Bend Time, Temporal Distortion


You were on level 11 of the Dungeon.
You worshipped Cheibriados.
Cheibriados was most pleased with you.
You were a venomous arachnid creature.
You visited 2 branches of the dungeon, and saw 13 of its levels.
You also visited: Ossuary.

You collected 472 gold pieces.
You spent 66 gold pieces at shops.

Inventory:

Hand Weapons
 k - the +10 dagger of the Volcano (melded) {protect, *Slow rC++ Int+7}
   (You found it on level 6 of the Dungeon)

   It grants its wielder temporary protection when it strikes (+7 to AC).
   Int:       It affects your intelligence (+7).
   rC:        It greatly protects you from cold.
   *Slow:     It may slow you when you take damage.
 q - the +2 trident of Painful Death {venom, *Noise rF+++ rCorr}
   (You found it on level 7 of the Dungeon)

   It poisons the flesh of those it strikes.
   rF:        It renders you almost immune to fire.
   *Noise:    It may make noises in combat.
   rCorr:     It protects you from acid and corrosion.
Missiles
 b - a throwing net
Jewellery
 n - a ring of see invisible (left front leg)
Wands
 l - a wand of flame (17)
 u - a wand of charming (8)
 v - a wand of acid (7)
 x - a wand of iceblast (8) (quivered)
 y - a wand of digging (8)
Scrolls
 c - 11 scrolls of identify
 g - a scroll of teleportation
 i - 2 scrolls of blinking
 m - a scroll of silence
 p - a scroll of enchant weapon
 r - 2 scrolls of torment
 t - a scroll of enchant armour
 w - a scroll of fear
 A - a scroll of amnesia {unknown}
Potions
 a - 3 potions of degeneration
 d - a potion of mutation
 e - 2 potions of curing
 f - a potion of invisibility
 h - 4 potions of cancellation
 j - 2 potions of brilliance
 o - a potion of might {unknown}
 s - a potion of attraction {unknown}
 z - a potion of resistance {unknown}
 B - 2 potions of flight {unknown}


   Skills:
 - Level 6.5 Fighting
 - Level 6.5 Dodging
 + Level 5.6 Stealth
 - Level 10.0 Unarmed Combat
 + Level 5.9 Spellcasting
 - Level 6.0 Transmutations
 + Level 3.3 Ice Magic
 - Level 3.0 Poison Magic
 + Level 4.1 Invocations


You had 11 spell levels left.
You knew the following spells:

 Your Spells              Type           Power      Damage    Failure   Level
a - Beastly Appendage     Tmut           82%        N/A       3%          1
b - Wereblood             Tmut           41%        N/A       4%          2
c - Spider Form           Tmut/Pois      33%        N/A       11%         3
d - Ice Form              Ice/Tmut       34%        N/A       22%         4

Your spell library contained the following spells:

 Spells                   Type           Power      Damage    Failure   Level
 Animate Skeleton         Necr           16%        N/A       17%         1
 Pain                     Necr           32%        1d5       17%         1
 Static Discharge         Conj/Air       8%         N/A       24%         2
 Dazzling Flash           Conj/Hex       16%        N/A       38%         3
 Vampiric Draining        Necr           8%         2d6       38%         3
 Animate Dead             Necr           4%         N/A       73%         4
 Dispel Undead            Necr           8%         3d8       73%         4
 Sticky Flame             Conj/Fire      8%         2d3       73%         4
 Agony                    Necr           8%         N/A       95%         5
 Borgnjor's Vile Clutch   Necr/Erth      4%         N/A       95%         5
 Silence                  Hex/Air        4%         N/A       95%         5
 Death Channel            Necr           4%         N/A       100%        6


Dungeon Overview and Level Annotations

Branches:
Dungeon (12/15)            Temple (1/1) D:6         Ossuary (visited)
   Lair: D:8-11         Orc: D:9-12

Altars:
Ashenzari
Cheibriados
Dithmenos
Elyvilon
Fedhas
Gozag
Hepliaklqana
Kikubaaqudgha
Nemelex Xobeh
Okawaru
Qazlal
Ru
Sif Muna
Trog
Uskayaw
Vehumet
Wu Jian
Xom
Yredelemnul
Zin
The Shining One

Shops:
D:8 ?

Annotations:
D:11 Grum


Innate Abilities, Weirdness & Mutations

You are a venomous arachnid creature.
You have poisonous fangs.
You are tiny and dextrous.
Your spellcasting is less reliable in this form.
Your armour is entirely melded.
You are incapable of wielding weapons or throwing items.
You cannot wear most types of armour.
((You are amphibious.))
You can wear up to eight rings at the same time.
((Your skin changes colour to match your surroundings (Stealth+).))
((Your rubbery body absorbs attacks. (AC +1, EV +1)))
((You are camouflaged when in or above water. (Stealth+)))
((You have tentacles for arms and can constrict up to eight enemies at once.))
You are robust. (+10% HP)
You expend magic power (3 MP) to strengthen your wands.


Message History

You hit the boulder beetle but do no damage.
The boulder beetle is poisoned.
The boulder beetle is moderately wounded.
The killer bee barely misses you.
You catch the helpless boulder beetle completely off-guard!
You hit the boulder beetle but do no damage.
The boulder beetle looks as sick as possible!
The boulder beetle is moderately wounded.
The killer bee completely misses you. The boulder beetle closely misses you.
The killer bee closely misses you.
Your primal bloodlust is almost over.
The killer bee barely misses you. The boulder beetle misses you.
The killer bee closely misses you. The boulder beetle closely misses you.
You catch the helpless boulder beetle completely off-guard!
You bite the boulder beetle!
The boulder beetle looks as sick as possible!
The boulder beetle is severely wounded.
The killer bee misses you. The killer bee completely misses you.
The boulder beetle completely misses you.
You strike the helpless killer bee from behind!
You bite the killer bee!
The killer bee is poisoned.
The killer bee is heavily wounded.
The killer bee completely misses you. The killer bee barely misses you.
The boulder beetle bites you.
* * * LOW HITPOINT WARNING * * *
You hit the boulder beetle but do no damage.
The boulder beetle looks as sick as possible!
The boulder beetle is severely wounded.
The killer bee misses you.
You hit the killer bee.
You feel a bit better.
You kill the killer bee!
Cheibriados thoroughly appreciates the change of pace.
The boulder beetle completely misses you.
You catch the helpless boulder beetle completely off-guard!
You hit the boulder beetle.
The boulder beetle looks as sick as possible!
The boulder beetle is almost dead.
The yak bellows!
The boulder beetle bites you!!
You die...

+.........#
...<.....#
.YY.....#
.......#
y.....# ....
####Y# #s.YY#
###B#######
#.........#
..#.........#
#...........#
###...(.....#
#.........#
#.........#
#.........#


You could see a boulder beetle (extremely poisoned) and 3 yaks.

Vanquished Creatures
  A manticore (D:12)
  A gargoyle (D:12)
  A komodo dragon (D:12)
  A kobold demonologist (D:8)
  2 trolls
  A hornet (D:9)
  A slime creature (D:12)
  A vampire (D:12)
  Eustachio (D:6)
  5 yaks
  A wraith (D:9)
  A water moccasin (D:7)
  Duvessa (D:4)
  3 orc warriors
  3 sky beasts
  2 ice beasts
  A necrophage (D:5)
  A black bear (D:4)
  A wolf (D:11)
  3 ogres
  A phantom (D:5)
  Blork the orc (D:4)
  A gnoll sergeant (D:9)
  A wyvern zombie (D:7)
  5 elf zombies (Ossuary)
  5 bullfrogs
  3 scorpions
  Dowan (D:4)
  A water moccasin skeleton (D:5)
  4 killer bees (D:11)
  10 wights (D:8)
  6 howler monkeys
  6 centaur zombies
  6 hounds
  2 human zombies (Ossuary)
  7 orc priests
  2 jellies (D:7)
  3 iguanas
  Terence (D:3)
  6 orc wizards
  A killer bee zombie (D:6)
  3 mummies (Ossuary)
  13 gnolls
  8 adders
  4 shadow imps (D:6)
  An ufetubus (D:5)
  2 adder skeletons (D:4)
  A worm (D:4)
  4 dart slugs
  24 orcs
  6 bats
  2 endoplasms
  2 giant cockroaches
  4 goblins
  8 hobgoblins
  2 quokkas
  3 ball pythons
  3 frilled lizards
  7 kobolds
  5 rats (D:1)
207 creatures vanquished.

Notes
Turn   | Place    | Note
-------+----------+-------------------------------------------
     0 | D:1      | ChaosChampion the Octopode Transmuter began the quest for
                  | the Orb.
     0 | D:1      | Reached XP level 1. HP: 13/13 MP: 3/3
   231 | D:1      | Reached XP level 2. HP: 18/18 MP: 3/5
   236 | D:1      | Learned a level 2 spell: Wereblood
  1073 | D:1      | Reached XP level 3. HP: 21/23 MP: 6/6
  1077 | D:1      | Learned a level 3 spell: Spider Form
  1648 | D:2      | Found a stormy altar of Qazlal.
  1811 | D:2      | Reached skill level 4 in Unarmed Combat
  1840 | D:2      | Found a faded altar of an unknown god.
  2288 | D:3      | Noticed Terence
  2296 | D:3      | Killed Terence
  2297 | D:3      | Reached XP level 4. HP: 21/28 MP: 3/7
  2384 | D:3      | Found a broken altar of Ashenzari.
  3190 | D:3      | Reached XP level 5. HP: 11/33 MP: 3/8
  3460 | D:3      | Reached skill level 5 in Unarmed Combat
  3575 | D:3      | Gained mutation: You expend magic power (3 MP) to
                  | strengthen your wands. [potion of mutation]
  3575 | D:3      | Gained mutation: You are robust. (+10% HP) [potion of
                  | mutation]
  3896 | D:4      | Reached XP level 6. HP: 31/41 MP: 1/9
  4188 | D:4      | Found a shadowy altar of Dithmenos.
  4276 | D:4      | Noticed Blork the orc
  4279 | D:4      | Noticed Duvessa
  4279 | D:4      | Noticed a black bear
  4280 | D:4      | Noticed Dowan
  4455 | D:4      | Reached skill level 6 in Unarmed Combat
  4779 | D:4      | Reached XP level 7. HP: 47/47 MP: 10/10
  4838 | D:4      | Killed Blork the orc
  5158 | D:5      | Entered Level 5 of the Dungeon
  5170 | D:5      | Learned a level 4 spell: Ice Form
  5473 | D:5      | Found a hide-covered altar of Uskayaw.
  5724 | D:4      | Reached skill level 7 in Unarmed Combat
  5856 | D:4      | Found a shadowy altar of Dithmenos.
  6115 | D:4      | Killed Duvessa
  6116 | D:4      | Reached skill level 5 in Transmutations
  6116 | D:4      | Reached XP level 8. HP: 29/55 MP: 2/11
  6140 | D:4      | Killed Dowan
  8303 | D:6      | Found a staircase to the Ecumenical Temple.
  8308 | Temple   | Entered the Ecumenical Temple
  8465 | Temple   | Became a worshipper of Cheibriados the Contemplative
  8500 | D:6      | Noticed Eustachio
  8545 | D:6      | Killed Eustachio
  8785 | D:6      | Found a shimmering altar of Xom.
  8794 | D:6      | Identified the +10 dagger of the Volcano {protect, *Slow
                  | rC++ Int+7}
  8959 | D:6      | Reached XP level 9. HP: 52/63 MP: 7/15
  9118 | D:6      | Reached skill level 8 in Unarmed Combat
  9133 | D:6      | Reached * piety under Cheibriados
 10188 | D:7      | Reached skill level 5 in Dodging
 10218 | D:7      | Identified the +2 trident of Painful Death {venom, *Noise
                  | rF+++ rCorr}
 10269 | D:7      | Found a sand-covered staircase.
 10279 | Ossuary  | Entered an ossuary
 10320 | Ossuary  | Reached skill level 5 in Fighting
 10328 | Ossuary  | Reached skill level 5 in Spellcasting
 10915 | D:7      | Reached ** piety under Cheibriados
 11076 | D:7      | Reached skill level 9 in Unarmed Combat
 11076 | D:7      | Reached XP level 10. HP: 74/74 MP: 13/17
 11854 | D:8      | Found Deutoqo's Magic Scroll Shoppe.
 11862 | D:8      | Bought a scroll of identify for 24 gold pieces
 11862 | D:8      | Bought a scroll of fear for 42 gold pieces
 11954 | D:8      | Reached skill level 1 in Stealth
 11992 | D:8      | Reached skill level 1 in Invocations
 12076 | D:8      | Found a glowing silver altar of Zin.
 12353 | D:9      | Noticed a death knight
 13038 | D:9      | Reached skill level 10 in Unarmed Combat
 13054 | D:9      | Noticed a kobold demonologist
 13056 | D:9      | HP: 4/90 [freezing wraith[a death knight] (8)]
 13638 | D:9      | Reached skill level 1 in Poison Magic
 13642 | D:9      | Reached skill level 1 in Ice Magic
 13644 | D:9      | Reached *** piety under Cheibriados
 13793 | D:9      | Noticed an orange demon
 13806 | D:8      | Killed a kobold demonologist
 14136 | D:9      | HP: 3/90 [death knight (34)]
 14675 | D:10     | Entered Level 10 of the Dungeon
 14691 | D:10     | You fall into a shaft and drop 2 floors!
 14691 | D:12     | Noticed a two-headed ogre
 14716 | D:12     | Noticed a manticore
 14724 | D:12     | Killed a manticore
 14725 | D:12     | Reached XP level 11. HP: 44/81 MP: 16/19
 14914 | D:11     | Noticed a wizard
 14914 | D:11     | Noticed a boulder beetle
 15037 | D:12     | Reached skill level 5 in Stealth
 15098 | D:12     | Noticed a deep elf pyromancer
 15239 | D:11     | Noticed Grum
 15601 | D:11     | Slain by a boulder beetle

Illustrated notes

Levels and vault maps discovered:
D:1:      dpeg_arrival_windows_large_door, layout_basic, roderic_serpentine_path
D:2:      layout_basic, basic_altar, shapermc_ecumenical_altar_notcrosses
D:3:      layout_loops_cross, mainiacjoe_overflow_brackets, uniq_terence
D:4:      layout_basic, grunt_dithmenos_smoke_and_mirrors, minmay_quantized,
          uniq_duvessa, uniq_blork_the_orc
D:5:      layout_basic, lemuel_crystal_altar
D:6:      layout_cave_pods, tgw_xom, temple_doors_e, uniq_eustachio
D:7:      layout_basic, chequers_ossuary_entry_cave, minmay_misc_feat_columns
D:8:      layout_cave_pools, zin_statuary, serial_shops, nicolae_square_shop,
          lemuel_flamethrower_2
D:9:      layout_long_grid
D:10:     layout_rooms, mainiacjoe_overflow_boulevard,
          grunt_lair_entry_orc_guard_hut, orc_0_dummy
D:11:     layout_roguey, st_stairs_10, uniq_grum
D:12:     layout_layer_cave, hellmonk_bongcloud_opening
Temple:   regret_index_temple_sphere_string

Skill      XL: |  1  2  3  4  5  6  7  8  9 10 11 |
---------------+----------------------------------+-----
Unarmed Combat | 4 5 6 7 9 10 | 10.0
Transmutations | 3 4 5 6 |  6.0
Fighting       | 2 4 6 |  6.5
Dodging        | 4 6 |  6.5
Spellcasting   | 4 5 |  5.9
Stealth        | 4 5 |  5.6
Invocations    | 3 4 |  4.1
Poison Magic   | 3 |  3.0
Ice Magic      | 2 3 |  3.3

Action                   |  1- 3 |  4- 6 |  7- 9 | 10-12 || total
-------------------------+-------+-------+-------+-------++-------
Melee: Unarmed           |    68 |    92 |   279 |   209 ||   648
       Constrict         |    22 |     7 |    10 |       ||    39
       Kick              |     6 |     1 |     2 |       ||     9
       Tentacles         |     9 |     4 |    13 |       ||    26
       Punch             |     1 |     1 |     1 |       ||     3
       Dagger            |       |       |    31 |     1 ||    32
 Cast: Beastly Appendage |    11 |     1 |     2 |     1 ||    15
       Wereblood         |     5 |    10 |    15 |    21 ||    51
       Spider Form       |     3 |    12 |    31 |     2 ||    48
       Ice Form          |       |       |     4 |    23 ||    27
Evoke: Wand              |       |       |       |     1 ||     1
  Use: Scroll            |       |     6 |     7 |     7 ||    20
       Potion            |       |     1 |     1 |     3 ||     5
 Stab: Sleeping          |     7 |     3 |       |       ||    10
       Invisible         |       |       |       |     4 ||     4
Armor: Skin              |     6 |     6 |    27 |    57 ||    96
Dodge: Dodged            |    41 |    69 |   253 |   197 ||   560

Table legend: (Time is in decaauts)
 A = Elapsed time spent in this place.
 B = Non-inter-level travel time spent in this place.
 C = Inter-level travel time spent in this place.
 D = Time resting spent in this place.
 E = Time spent auto-exploring this place.
 F = Levels seen in this place.
 G = Mean time per level.
                   A        B        C        D        E       F      G
               +--------+--------+--------+--------+--------+-----+--------+
         Total |  16899 |  16414 |    485 |   3219 |  10094 |  14 | 1207.1 |
       Dungeon |  16185 |  15700 |    485 |   2993 |   9792 |  12 | 1348.8 |
        Temple |    177 |    177 |      0 |      0 |    135 |   1 |  177.0 |
       Ossuary |    536 |    536 |      0 |    226 |    166 |   1 |  536.0 |
               +--------+--------+--------+--------+--------+-----+--------+

Top non-repeatable levels by time:
     D:4: 2379 daAuts
     D:6: 2062 daAuts
     D:8: 1920 daAuts
     D:9: 1849 daAuts
     D:5: 1793 daAuts
     D:3: 1495 daAuts
     D:1: 1432 daAuts
     D:7: 1304 daAuts
     D:2: 880 daAuts
    D:12: 568 daAuts
 Ossuary: 536 daAuts
    D:11: 474 daAuts
  Temple: 177 daAuts
    D:10: 24 daAuts
